AoeStats
← King Taco

Four Lakes

507096851Analyzed
1v1 RM · 15d ago on Sep 16, 2026· 44m 15s· 2 players
Game mode
Random Map
Map size
Tiny (2 player)
Population
200
Speed
Normal
Resources
Standard
Victory
Conquest
Starting age
Dark Age
Ending age
Imperial Age
RankedLock teamsTeams togetherTeam positionsShared explorationLock speedFull tech treeHidden civsTurbo modeCheats
Victory
Defeat
🇩🇪 Turks · Germany
1055
+16
🇲🇽 Goths · Mexico
1057
-16
HerrFischer
8:08 Loom
10:24 Feudal Age
11:47 Double-Bit Axe
14:41 Town Watch
15:20 Bloodlines
26:22 Castle Age
25:01 Wheelbarrow
25:13 Forging
25:14 Fletching
25:30 Scale Barding Armor
25:55 Padded Archer Armor
28:04 Husbandry
27:38 Crossbowman
31:31 Thumb Ring
36:33 Hand Cart
39:05 Horse Collar
44:05 Bodkin Arrow
44:26 Leather Archer Armor
King Taco
0:26 Loom
10:48 Feudal Age
11:01 Man-at-Arms
12:08 Town Watch
15:17 Scale Mail Armor
15:27 Forging
16:17 Forging
24:39 Castle Age
25:15 Long Swordsman
25:55 Squires
27:29 Chain Mail Armor
Connection lost

Rejoining the realm…

Still unreachable

The connection could not be restored.

Session expired

The server has moved on; the page needs a fresh start.